 Dungeon Crawl Stone Soup version 0.17-a0-1921-g56e792d (webtiles) character file.

42 prog the Gusty (level 3, 0/21 HPs)
             Began as a High Elf Air Elementalist on Sept 27, 2015.
             Slain by Crazy Yiuf
             ... wielding a +4 quarterstaff of chaos
              (6 damage)
             ... on level 2 of the Dungeon.
             The game lasted 00:07:37 (1887 turns).

prog the Gusty (High Elf Air Elementalist)          Turns: 1887, Time: 00:07:38

Health: 0/21       AC:  2    Str:  7    XL:     3   Next: 35%
Magic:  3/8        EV: 12    Int: 18    God:
Gold:   23         SH:  0    Dex: 17    Spells: 4 memorised, 0 levels left

rFire  . . .     SeeInvis .     e - +0 short sword
rCold  . . .     Clarity  .     a - +0 robe
rNeg   . . .     SustAt   .     (no shield)
rPois  .         Gourm    .     (no helmet)
rElec  .         Spirit   .     (no cloak)
rCorr  .         Warding  .     (no gloves)
rMut   .         Stasis   .     (no boots)
MR     .....                    (no amulet)
Stlth  ++........               (no ring)
                                (no ring)

@: starving, drained, not resistant to hostile enchantments, unstealthy
A: no striking features
a: no special abilities


You were on level 2 of the Dungeon.
You were starving.

You visited 1 branch of the dungeon, and saw 2 of its levels.

You collected 23 gold pieces.

Inventory:

Hand weapons
 e - a +0 short sword (weapon)
Armour
 a - a +0 robe (worn)
Scrolls
 f - 2 scrolls of identify {unknown}
Potions
 d - a potion of magic {unknown}
 g - a potion of brilliance {unknown}
 i - 2 potions of might {unknown}
Books
 b - a book of Air

   Spells                             Type                      Level
   a - Shock                          Conjuration/Air              1
   b - Swiftness                      Charms/Air                   2
   c - Repel Missiles                 Charms/Air                   2
   d - Static Discharge               Conjuration/Air              3
   e - Lightning Bolt                 Conjuration/Air              5
Comestibles
 c - a bread ration
 h - 2 slices of pizza
 j - a chunk of flesh


   Skills:
 - Level 2.1(1.9) Dodging
 - Level 2.1(1.9) Stealth
 + Level 3.2(2.9) Spellcasting
 + Level 2.0(1.7) Conjurations
 + Level 4.4(4.1) Air Magic


You couldn't memorise any spells.
You knew the following spells:

 Your Spells              Type           Power        Failure   Level  Hunger
a - Shock                 Conj/Air       ##..         6%          1    None
b - Static Discharge      Conj/Air       ##......     17%         3    ###....
c - Swiftness             Chrm/Air       ##......     12%         2    ##.....
d - Repel Missiles        Chrm/Air       ##....       12%         2    ##.....


Dungeon Overview and Level Annotations

Branches:
Dungeon (2/15)

Altars:

Annotations:
D:2 Crazy Yiuf


Message History

Crazy Yiuf is struck by lightning.
Crazy Yiuf is heavily wounded.
The lightning arcs!
You are struck by lightning.
The lightning grounds out.
You are starving!
Crazy Yiuf hits you with a quarterstaff of chaos.
You feel drained.
You don't have the energy to cast that spell.
You don't have the energy to cast that spell.
You hit Crazy Yiuf.
Crazy Yiuf is severely wounded.
Crazy Yiuf hits you with a quarterstaff of chaos.
You barely miss Crazy Yiuf.
Crazy Yiuf is severely wounded.
Crazy Yiuf hits you with a quarterstaff of chaos.
* * * LOW HITPOINT WARNING * * *
Crazy Yiuf draws strength from your injuries!
You hit Crazy Yiuf.
Crazy Yiuf is severely wounded.
Crazy Yiuf hits you with a quarterstaff of chaos.
You die...

.........#...>......
........##.##.......
##########.##....###
#.###....## #..##..#..#
### ####...#..##.# #)..#
##.#..#.#...#..
#.....####.......#...###
#g@#.............##
###.#..#.##.#......
#######)...##..##
#.#....#.## ##
#..........
#...##.[..#.#.
#..##.###... #....####..
###.(..# ..


You could see Crazy Yiuf.

Vanquished Creatures
  2 oozes (D:1)
  3 goblins (D:1)
  5 hobgoblins (D:1)
  7 bats
  A giant newt (D:1)
  5 jackals
  5 kobolds (D:1)
  5 rats
33 creatures vanquished.

Notes
Turn   | Place    | Note
--------------------------------------------------------------
     0 | D:1      | prog the High Elf Air Elementalist began the quest for the Orb.
     0 | D:1      | Reached XP level 1. HP: 11/11 MP: 4/4
   514 | D:1      | Reached XP level 2. HP: 10/17 MP: 0/6
   654 | D:1      | Reached skill level 4 in Air Magic
  1106 | D:1      | Reached XP level 3. HP: 6/21 MP: 1/8
  1351 | D:1      | Learned a level 3 spell: Static Discharge
  1354 | D:1      | Learned a level 2 spell: Swiftness
  1357 | D:1      | Learned a level 2 spell: Repel Missiles
  1879 | D:2      | Noticed Crazy Yiuf
  1887 | D:2      | Slain by Crazy Yiuf

Vault maps used:
D:1:      dpeg_arrival_houses_and_road
D:2:      nicolae_overflow_hidden_temple, gammafunk_temple_overflow_pools,
          minmay_close_crescents, uniq_crazy_yiuf_cottage

Action                   || total
-------------------------++-------
Melee: Unarmed           ||    15
       Short sword       ||    24
 Cast: Shock             ||    54
       Static Discharge  ||     2
  Eat: Chunk             ||     1
